 Dungeon Crawl Stone Soup version 0.23.1-37-gaa34b87b72 (webtiles) character file.

Game seed: 162618668174159572

184 Revguard the Chopper (level 5, -1/42 HPs)
             Began as a Draconian Skald on Mar 26, 2019.
             Was a Follower of Uskayaw.
             Slain by Edmund
             ... wielding a +4 dire flail of protection
              (5 damage)
             ... on level 4 of the Dungeon.
             The game lasted 00:10:27 (2593 turns).

Revguard the Chopper (Draconian Skald)              Turns: 2593, Time: 00:10:28

Health: -1/42      AC:  6    Str: 11 (13) XL:     5   Next: 36%
Magic:  5/8        EV: 13    Int: 15      God:    Uskayaw [*.....]
Gold:   113        SH:  0    Dex: 13      Spells: 2/8 levels left

rFire    . . .     SeeInvis .   a - +0 hand axe
rCold    . . .     Gourm    .   (no shield)
rNeg     . . .     Faith    .   (armour unavailable)
rPois    .         Spirit   .   (helmet restricted)
rElec    .         Reflect  .   e - +0 cloak
rCorr    .         Harm     .   (no gloves)
MR       .....                  (no boots)
Stlth    +.........             (no amulet)
HPRegen  0.14/turn              h - +3 ring of dexterity
MPRegen  0.11/turn              (no ring)

@: infused
A: unfitting armour, cold-blooded, AC +5
a: Stomp, Renounce Religion


You were on level 4 of the Dungeon.
You worshipped Uskayaw.
Uskayaw was noncommittal.
You were hungry.

You visited 1 branch of the dungeon, and saw 4 of its levels.

You collected 113 gold pieces.

Inventory:

Hand Weapons
 a - a +0 hand axe (weapon)
Armour
 e - a +0 cloak (worn)
Jewellery
 b - an uncursed ring of resist corrosion {unknown}
 h - a +3 ring of dexterity (left hand)
Scrolls
 d - 2 scrolls of identify
 f - 2 scrolls of random uselessness
 g - a scroll of magic mapping
 i - 2 scrolls of immolation
 j - a scroll of remove curse
 l - a scroll of teleportation
 n - a scroll of amnesia {unknown}
Potions
 k - a potion of haste
Comestibles
 c - 10 rations


   Skills:
 + Level 2.7 Fighting
 + Level 3.5 Axes
 + Level 2.8 Dodging
 + Level 2.4 Spellcasting
 + Level 1.4 Hexes
 + Level 3.4 Charms


You had 2 spell levels left.
You knew the following spells:

 Your Spells              Type           Power        Failure   Level  Hunger
a - Infusion              Chrm           ##..         5%          1    #......
b - Song of Slaying       Chrm           ##......     8%          2    ###....
c - Spectral Weapon       Hex/Chrm       #.......     24%         3    ###....

Your spell library contained the following spells:

 Spells                   Type           Power        Failure   Level  Hunger
 Shroud of Golubria       Chrm/Tloc      #.........   16%         2    ###....
 Regeneration             Chrm/Necr      #.........   32%         3    ###....


Dungeon Overview and Level Annotations

Branches:
Dungeon (4/15)
 Temple: D:4-7

Altars:
Nemelex Xobeh
Uskayaw
The Shining One

Annotations:
D:4 Edmund


Innate Abilities, Weirdness & Mutations

Your plain brown scales are hard. (AC +5)
You cannot fit into any form of body armour.
You are cold-blooded and may be slowed by cold attacks.


Message History

You hit Edmund but do no damage.
Your spectral weapon barely misses Edmund.
Edmund hits you with a +4 dire flail of protection.
You hit Edmund but do no damage.
Your tail-slap misses Edmund.
Your spectral weapon barely misses Edmund.
Edmund hits you with a +4 dire flail of protection.
You hit Edmund but do no damage.
Your spectral weapon hits Edmund but does no damage.
Edmund hits you with a +4 dire flail of protection!
You hit Edmund but do no damage.
Your spectral weapon barely misses Edmund.
Edmund hits you with a +4 dire flail of protection!
* * * LOW HITPOINT WARNING * * *
You feel better.
Edmund hits you with a +4 dire flail of protection!
* * * LOW HITPOINT WARNING * * *
You closely miss Edmund.
Your tail-slap misses Edmund.
Your spectral weapon closely misses Edmund.
Edmund hits you with a +4 dire flail of protection.
You die...

#.#.#....#.#..#.#.
#.#.#...<..#..#.#.
..#.########..#.#.
#+#######...........#.#.
^....#############.#.#.
#.........###.....#.#.
###.........'.........#.
............###.########
.....(@@....+...#.......
............##..#.######
.......$....+.....#
............#######
..............
...############ ... ..


You could see Edmund and a friendly spectral +0 hand axe.

Vanquished Creatures
  A water moccasin (D:2)
  2 adders (D:2)
  An ooze (D:3)
  5 dart slugs
  A leopard gecko (D:3)
  An orc (D:3)
  3 giant cockroaches
  5 goblins
  4 hobgoblins
  3 jackals (D:2)
  5 kobolds
  5 bats
  3 frilled lizards
  5 rats
44 creatures vanquished.

Notes
Turn   | Place    | Note
-------+----------+-------------------------------------------
     0 | D:1      | Revguard the Draconian Skald began the quest for the Orb.
     0 | D:1      | Reached XP level 1. HP: 17/17 MP: 3/3
   280 | D:1      | Reached XP level 2. HP: 24/24 MP: 5/5
   284 | D:1      | Learned a level 2 spell: Song of Slaying
   910 | D:2      | Reached XP level 3. HP: 12/30 MP: 1/6
  1086 | D:2      | Learned a level 3 spell: Spectral Weapon
  1622 | D:2      | Noticed a water moccasin
  1636 | D:2      | Killed a water moccasin
  1636 | D:2      | Reached skill level 1 in Hexes
  1636 | D:2      | Reached XP level 4. HP: 15/37 MP: 4/7
  1636 | D:2      | Reached XP level 5. HP: 17/42 MP: 4/8
  1641 | D:2      | Found a hide-covered altar of Uskayaw.
  1649 | D:2      | Became a worshipper of Uskayaw the Reveler
  2026 | D:3      | Reached * piety under Uskayaw
  2091 | D:3      | Found a sparkling altar of Nemelex Xobeh.
  2236 | D:3      | Found a glowing golden altar of the Shining One.
  2580 | D:4      | Noticed Edmund
  2593 | D:4      | Slain by Edmund

Skill      XL: |  1  2  3 |
---------------+----------+-----
Charms         | 3 |  3.4
Axes           | 3 |  3.5
Hexes          | 1 |  1.4
Fighting       | |  2.7
Dodging        | |  2.8
Spellcasting   | |  2.4

Action                   |  1- 3 |  4- 6 || total
-------------------------+-------+-------++-------
Melee: Hand axe          |   111 |    41 ||   152
       Tailslap          |     6 |     3 ||     9
 Cast: Infusion          |     2 |     1 ||     3
       Song of Slaying   |     1 |       ||     1
       Spectral Weapon   |     5 |     5 ||    10
  Use: Potion            |     5 |     3 ||     8
       Scroll            |       |     7 ||     7
  Eat: Chunk             |     3 |     3 ||     6
Armor: Skin              |    56 |     8 ||    64
Dodge: Dodged            |    86 |    19 ||   105
